AoeStats
← izflores77yes

Fortress

509021659Analyzed
2v2 RM · 8d ago on Sep 25, 2026· 54m 29s· 4 players
Game mode
Random Map
Map size
Normal (6 player)
Population
200
Speed
Normal
Resources
Standard
Victory
Conquest
Starting age
Dark Age
Ending age
Imperial Age
RankedLock teamsTeams togetherTeam positionsShared explorationLock speedFull tech treeHidden civsTurbo modeCheats
Victory
Defeat
🇦🇷 Magyars · Argentina
826
+16
🇦🇷 Hindustanis · Argentina
799
+16
🇺🇸 Byzantines · United States
819
-38
🇨🇳 Celts · China
811
-16
izflores77yes
1:15 Loom
6:07 Feudal Age
7:24 Wheelbarrow
7:13 Horse Collar
8:43 Double-Bit Axe
8:53 Gold Mining
16:20 Castle Age
14:56 Arson
16:25 Crossbowman
17:54 Hand Cart
21:31 Gold Shaft Mining
20:47 Stone Mining
21:15 Bow Saw
21:18 Squires
20:39 Pikeman
24:59 Man-at-Arms
25:24 Gambesons
28:10 Treadmill Crane
34:45 Stone Shaft Mining
34:41 Murder Holes
35:48 Ballistics
35:22 Guard Tower
36:14 Fortified Wall
37:10 Long Swordsman
39:02 Padded Archer Armor
39:03 Scale Mail Armor
43:15 Imperial Age
46:55 Arrowslits
47:46 Keep
48:11 Chemistry
47:22 Elite Skirmisher
54:42 Bombard Tower
看天气
3:00 Loom
9:21 Feudal Age
12:38 Wheelbarrow
11:46 Horse Collar
11:52 Double-Bit Axe
15:30 Castle Age
14:01 Town Watch
14:41 Forging
15:48 Gold Mining
15:49 Stone Mining
16:05 Scale Mail Armor
15:57 Fletching
17:56 Heavy Plow
18:07 Bow Saw
17:49 Arson
18:48 Fervor
19:40 Bodkin Arrow
20:53 Hand Cart
22:51 Stronghold
26:34 Chain Mail Armor
27:30 Iron Casting
31:57 Imperial Age
29:50 Ballistics
29:42 Fortified Wall
29:51 Murder Holes
33:04 Conscription
32:05 Elite Woad Raider
33:17 Husbandry
34:22 Plate Mail Armor
34:09 Guilds
35:08 Blast Furnace
37:20 Chemistry
36:12 Guard Tower
36:08 Arrowslits
36:34 Masonry
37:17 Town Patrol
37:21 Caravan
38:22 Hoardings
40:11 Pikeman
42:13 Furor Celtica
42:08 Halberdier
42:56 Scale Barding Armor
43:28 Keep
44:32 Gold Shaft Mining
44:35 Stone Shaft Mining
45:35 Heavy Scorpion
CAIPIROSKA
8:36 Feudal Age
9:59 Double-Bit Axe
12:01 Horse Collar
14:11 Wheelbarrow
15:51 Castle Age
15:19 Bloodlines
15:18 Scale Barding Armor
16:36 Corvinian Army
16:35 Gold Mining
19:35 Husbandry
19:53 Fletching
20:08 Scale Mail Armor
20:33 Light Cavalry
25:10 Wheelbarrow
24:25 Pikeman
26:33 Heavy Plow
28:06 Hand Cart
32:42 Imperial Age
30:51 Chain Barding Armor
30:26 Bodkin Arrow
31:12 Caravan
32:16 Gold Shaft Mining
31:31 Stone Mining
33:57 Conscription
33:02 Elite Magyar Huszar
33:59 Stone Mining
34:13 Town Watch
37:10 Bow Saw
37:42 Loom
37:56 Elite Skirmisher
39:41 Two-Man Saw
39:15 Ballistics
39:56 Chemistry
38:53 Murder Holes
38:38 Treadmill Crane
39:08 Masonry
38:35 Cavalier
40:00 Town Patrol
42:02 Thumb Ring
41:17 Crossbowman
43:01 Arbalester
45:43 Crop Rotation
49:18 Paladin
49:19 Hussar
51:54 Bracer
55:14 Plate Barding Armor
54:42 Padded Archer Armor
Irettam
7:39 Feudal Age
11:49 Castle Age
10:57 Double-Bit Axe
14:23 Horse Collar
18:45 Arson
18:52 Loom
21:51 Scale Mail Armor
23:01 Forging
22:59 Town Watch
23:51 Wheelbarrow
24:05 Chain Mail Armor
26:02 Iron Casting
25:51 Squires
25:13 Pikeman
28:52 Heavy Plow
31:51 Imperial Age
30:34 Stone Mining
30:35 Gold Mining
30:59 Bow Saw
32:15 Town Patrol
32:32 Hand Cart
33:12 Gold Shaft Mining
33:18 Stone Shaft Mining
34:40 Chemistry
33:47 Siege Engineers
36:46 Two-Man Saw
36:38 Shatagni
38:10 Ballistics
37:48 Murder Holes
38:05 Masonry
38:27 Grand Trunk Road
39:28 Padded Archer Armor
39:19 Fletching
41:24 Bodkin Arrow
41:44 Leather Archer Armor
42:26 Hoardings
42:28 Elite Ghulam
43:50 Ring Archer Armor
43:20 Bracer
44:23 Blast Furnace
47:13 Caravan
51:09 Fortified Wall
51:11 Scale Barding Armor
Connection lost

Rejoining the realm…

Still unreachable

The connection could not be restored.

Session expired

The server has moved on; the page needs a fresh start.